 Dungeon Crawl Stone Soup version 0.20.1-1-g8b1a95d (webtiles) character file.

37 Nattfarinn the Vexing (level 3, 0/26 HPs)
             Began as a Vampire Enchanter on Aug 2, 2017.
             Slain by an adder (2 damage)
             ... on level 1 of the Dungeon.
             The game lasted 00:05:02 (1889 turns).

Nattfarinn the Vexing (Vampire Enchanter)           Turns: 1889, Time: 00:05:03

Health: 0/26       AC:  2    Str:  7    XL:     3   Next: 23%
Magic:  6/6        EV: 12    Int: 18    God:
Gold:   68         SH:  0    Dex: 14    Spells: 2/6 levels left

rFire    . . .     SeeInvis +   h - +0 short sword
rCold    . . .     Gourm    .   (no shield)
rNeg     + + .     Faith    .   b - +0 robe
rPois    .         Spirit   .   (no helmet)
rElec    .         Reflect  .   (no cloak)
rCorr    .         Harm     .   (no gloves)
MR       .....                  (no boots)
Stlth    +++.......             (no amulet)
Regen    0.1/turn               k - ring of positive energy
MPRegen  0.1/turn               (no ring)

@: lethally poisoned (0 -> -4)
A: fangs 3, see invisible, robust 1, unbreathing, subdued magic 1
a: Bat Form


You were on level 1 of the Dungeon.
You were not thirsty.

You visited 1 branch of the dungeon, and saw 2 of its levels.

You collected 68 gold pieces.

Inventory:

Hand Weapons
 a - a +1 dagger
 h - a +0 short sword (weapon)
Armour
 b - a +0 robe (worn)
Jewellery
 k - a ring of positive energy (left hand)
Scrolls
 g - 4 scrolls of teleportation {unknown}
 i - a scroll of identify {unknown}
 l - a scroll of enchant weapon {unknown}
 m - a scroll of blinking {unknown}
 n - a scroll of enchant armour {unknown}
Potions
 d - 4 potions of blood
 e - a potion of resistance
Books
 c - a book of Maledictions

   Spells                             Type                      Level
   a - Corona                         Hexes                        1
   b - Ensorcelled Hibernation        Hexes/Ice                    2
   c - Confuse                        Hexes                        3
   d - Tukima's Dance                 Hexes                        3
   e - Dazzling Spray                 Conjuration/Hexes            3


   Skills:
 - Level 1.1 Short Blades
 - Level 2.1 Dodging
 - Level 4.4 Stealth
 - Level 2.0 Spellcasting
 * Level 6.3 Hexes


You had 2 spell levels left.
You knew the following spells:

 Your Spells              Type           Power        Failure   Level  Hunger
a - Corona                Hex            ###....      1%          1    #......
b - Tukima's Dance        Hex            ###.....     3%          3    ###....


Dungeon Overview and Level Annotations

Branches:
Dungeon (2/15)

Altars:


Innate Abilities, Weirdness & Mutations

You have razor-sharp teeth.
You have supernaturally acute eyesight. (SInv)
You can survive without breathing.
You are robust. (+10% HP)
Your spells are a little easier to cast, but a little less powerful.


Message History

The bat barely misses you.
You hit the bat.
You kill the bat!
You see here a meat ration.
You start resting.
The adder hisses angrily.
The adder bites you.
* * * LOW HITPOINT WARNING * * *
You are poisoned.
The adder poisons you!
You hit the adder.
The adder is moderately wounded.
* * * LOW HITPOINT WARNING * * *
You feel sick. The adder barely misses you.
You miss the adder. You bite the adder.
The adder is heavily wounded.
The adder bites you.
* * * LOW HITPOINT WARNING * * *
The adder bites you.
You die...

).......#.................# #≈≈≈≈
........#...............#####≈≈≈≈
........#...........#......##≈≈≈≈
........#..................##≈≈≈≈
#.......#..............(...##≈≈≈≈
#.......#........##......####≈≈≈≈
##.......##......##......# #≈≈≈≈
##.......##.....S##......####≈≈≈≈
..........##....@##........##≈≈≈≈
...........................##≈≈≈≈
...........................##≈≈≈≈
...........................##≈≈≈≈
............#####..........##≈≈≈≈
............# #..........##≈≈≈≈
...#####....# #.......#####≈≈≈≈
#### #....# #.......# #≈≈≈≈
###### #####...# #≈≈≈≈


You could see an adder.

Vanquished Creatures
  2 oozes
  A worm (D:2)
  2 leopard geckos (D:1)
  A giant cockroach (D:2)
  A goblin (D:1)
  3 hobgoblins (D:1)
  2 kobolds
  A ball python (D:1)
  3 bats (D:1)
  3 frilled lizards
  5 rats (D:1)
24 creatures vanquished.

Vanquished Creatures (collateral kills)
  A goblin (D:1)
1 creature vanquished.

Grand Total: 25 creatures vanquished

Notes
Turn   | Place    | Note
-------+----------+-------------------------------------------
     0 | D:1      | Nattfarinn the Vampire Enchanter began the quest for the Orb.
     0 | D:1      | Reached XP level 1. HP: 13/13 MP: 3/3
   396 | D:1      | Reached skill level 5 in Hexes
   426 | D:1      | Reached XP level 2. HP: 19/19 MP: 5/5
  1354 | D:2      | Reached skill level 6 in Hexes
  1360 | D:2      | Reached XP level 3. HP: 13/24 MP: 4/6
  1500 | D:2      | Learned a level 3 spell: Tukima's Dance
  1725 | D:1      | Gained mutation: Your spells are a little easier to cast, but a little less powerful. [potion of mutation]
  1725 | D:1      | Gained mutation: You are robust. (+10% HP) [potion of mutation]
  1889 | D:1      | Slain by an adder

Skill      XL: |  1  2 |
---------------+-------+-----
Hexes          | 5 6 |  6.3
Short Blades   | |  1.1
Dodging        | |  2.1
Stealth        | |  4.4
Spellcasting   | |  2.0

Action                   || total
-------------------------++-------
Melee: Dagger            ||    11
       Short sword       ||    72
       Bite              ||    12
       Unarmed           ||    12
 Cast: Corona            ||     3
       Tukima's Dance    ||     2
 Abil: End Transformatio ||     1
       Bat Form          ||     1
  Use: Potion            ||     3
 Stab: Sleeping          ||     9
  Eat: Corpse            ||     5
Armor: Robe              ||    15
Dodge: Dodged            ||    85
